 Dungeon Crawl Stone Soup version 0.22-a0-567-gff9aefc (webtiles) character file.

405862 Amnesiac the Evocator (level 22, -15/115 HPs)
             Began as a Spriggan Fighter on June 29, 2018.
             Was an Initiate of Gozag.
             Demolished by a reaper
             ... wielding a +1 scythe
              (38 damage)
             ... on level 7 of Tartarus.
             The game lasted 04:02:03 (67856 turns).

Amnesiac the Evocator (Spriggan Fighter)           Turns: 67856, Time: 04:02:03

Health: -15/115    AC: 19    Str: 19    XL:     22   Next: 65%
Magic:  0/51       EV: 40    Int: 11    God:    Gozag
Gold:   4426       SH:  4    Dex: 22    Spells: 25/51 levels left

rFire    . . .     SeeInvis +   g - +4 staff of Dispater
rCold    . . .     Gourm    .   (shield currently unavailable)
rNeg     . . .     Faith    .   T - +2 swamp dragon scales
rPois    +         Spirit   +   m - +1 hat
rElec    +         Reflect  .   o - scarf {Spirit}
rCorr    .         Harm     .   (gloves unavailable)
MR       +++..                  (boots unavailable)
Stlth    +++++.....             R - amulet "Miroym" {rElec Regen+ MP+9 Stlth+}
HPRegen  0.69/turn              H - +4 ring of protection
MPRegen  0.32/turn              i - +3 ring of protection

@: agile, lethally poisoned (-15 -> -15), about to teleport, very slightly
contaminated, drained, deflect missiles, very quick
A: very small, unfitting armour, large bone plates 1, see invisible, herbivore,
speed 3, frail 1, mutation resistance 1, slow metabolism 2
}: 1/15 runes: iron
a: Potion Petition, Call Merchant, Bribe Branch, Renounce Religion


You were on level 7 of Tartarus.
You worshipped Gozag.
Gozag was most pleased with you.
You were not hungry.

You visited 7 branches of the dungeon, and saw 40 of its levels.
You visited 1 bazaar.
You also visited: Sewer.

You collected 18744 gold pieces.
You spent 7461 gold pieces at shops.
You paid 6857 gold pieces to Gozag.

Inventory:

Hand Weapons
 a - a +9 quick blade of piercing
 b - a +4 blowgun
 g - the +4 staff of Dispater (weapon)
   (You took it off Dispater on level 7 of the Iron City of Dis)
 q - a +0 scythe of venom
 Z - a cursed -2 quick blade
Missiles
 u - 7 curare-tipped needles
Armour
 c - a +1 buckler
 m - a +1 hat (worn)
 o - a scarf of spirit shield (worn)
 C - a +2 cloak of poison resistance
 L - +0 gold dragon scales
 T - +2 swamp dragon scales (worn)
Jewellery
 h - an uncursed ring of ice
 i - a +3 ring of protection (right hand)
 H - a +4 ring of protection (left hand)
 I - an uncursed amulet of rage
 K - an uncursed ring of flight
 M - the ring of the Serpent {-Tele EV+5 Str+5 Int+6}
   (You found it on level 4 of the Depths)

   [ring of evasion]

   It affects your evasion (+5).
   It affects your strength (+5).
   It affects your intelligence (+6).
   It prevents most forms of teleportation.
 P - the ring of Miulasem {Wiz Int+2}
   (You took it off a vampire mage on level 5 of the Depths)

   [ring of wizardry]

   It improves your spell success rate.
   It affects your intelligence (+2).
 R - the amulet "Miroym" (around neck) {rElec Regen+ MP+9 Stlth+}
   (You bought it in a shop in a bazaar)

   [amulet of regeneration]

   It insulates you from electricity.
   It affects your magic capacity (+9).
   It increases your rate of regeneration.
   It makes you more stealthy.
Wands
 r - a wand of scattershot (3)
 s - a wand of disintegration (15)
 z - a wand of flame (21)
 A - a wand of polymorph (28)
 Y - a wand of digging (39)
Scrolls
 e - 8 scrolls of identify {!r}
 j - 17 scrolls of teleportation {!r}
 k - 2 scrolls of fog {!r}
 l - 4 scrolls of vulnerability {!r}
 t - 2 scrolls of brand weapon {!r}
 D - 4 scrolls of remove curse {!r}
 E - a scroll of enchant armour {!r}
 Q - 2 scrolls of blinking {!r}
 U - a scroll of magic mapping {!r}
Potions
 d - 2 potions of might {!q}
 n - 3 potions of brilliance {!q}
 p - a potion of agility {!q}
 v - a potion of mutation {!q}
 x - 5 potions of flight {!q}
 B - a potion of invisibility {!q}
 G - 7 potions of haste {!q}
 J - a potion of berserk rage {!q}
 N - a potion of ambrosia {!q}
 O - 3 potions of lignification {!q}
Miscellaneous
 w - a phial of floods
 y - a fan of gales
 S - the horn of Geryon
 W - a lamp of fire
Comestibles
 f - 4 rations


   Skills:
 - Level 18.0(16.8) Fighting
 - Level 8.0(7.1) Short Blades
 - Level 8.0(7.0) Armour
 - Level 21.0(19.7) Dodging
 - Level 8.0(7.1) Stealth
 - Level 7.2(6.3) Shields
 - Level 15.0(13.9) Spellcasting
 - Level 15.0(13.9) Charms
 + Level 0.8(0.0) Necromancy
 - Level 10.0(9.0) Air Magic
 * Level 24.3(23.0) Evocations


You had 25 spell levels left.
You knew the following spells:

 Your Spells              Type           Power        Failure   Level  Hunger
a - Deflect Missiles      Chrm/Air       ####......   19%         6    ######.
b - Poisonous Vapours     Pois/Air       ###...       3%          2    None
c - Summon Lightning Spi  Summ/Air       ###.....     22%         4    ###....
d - Apportation           Tloc           #.....       14%         1    None
e - Mephitic Cloud        Conj/Pois/Air  ##......     12%         3    None
f - Spectral Weapon       Hex/Chrm       ###.....     2%          3    None
r - Regeneration          Chrm/Necr      ###.......   2%          3    None
s - Conjure Flame         Conj/Fire      #.......     38%         3    None
z - Confusing Touch       Hex            #.....       14%         1    None

Your spell library contained the following spells:

 Spells                   Type           Power        Failure   Level  Hunger
 Cause Fear               Hex            #.........   80%         4    ###....
 Lightning Bolt           Conj/Air       ###.......   52%         5    #####..
 Confuse                  Hex            #.......     38%         3    None
 Throw Frost              Conj/Ice       #.....       22%         2    None
 Freezing Cloud           Conj/Ice/Air   ##........   99%         6    ######.
 Ring of Flames           Chrm/Fire      ###.......   100%        7    #######
 Venom Bolt               Conj/Pois      #.........   98%         5    #####..
 Olgreb's Toxic Radiance  Pois           #.......     80%         4    ###....
 Death's Door             Chrm/Necr      ###.......   100%        8    #######
 Summon Small Mammal      Summ           #...         14%         1    None
 Lehudib's Crystal Spear  Conj/Erth      #.........   100%        8    #######
 Fire Storm               Conj/Fire      #.........   100%        9    #######
 Animate Dead             Necr           N/A          80%         4    ###....
 Pain                     Necr           #...         14%         1    None
 Animate Skeleton         Necr           N/A          14%         1    None
 Vampiric Draining        Necr           #.........   38%         3    None
 Haunt                    Necr/Summ      #.........   100%        7    #######
 Borgnjor's Revivificati  Necr           #.........   100%        8    #######
 Freeze                   Ice            #...         14%         1    None
 Summon Ice Beast         Ice/Summ       #.......     80%         4    ###....
 Ozocubu's Armour         Chrm/Ice       ###.....     2%          3    None
 Call Imp                 Summ           #.......     22%         2    None
 Poison Arrow             Conj/Pois      #.........   100%        6    ######.
 Sting                    Conj/Pois      #...         14%         1    None
 Shock                    Conj/Air       ###.         2%          1    None
 Swiftness                Chrm/Air       ####....     1%          2    None
 Necromutation            Tmut/Necr      #.........   100%        8    #######
 Throw Icicle             Conj/Ice       #.......     80%         4    ###....
 Glaciate                 Conj/Ice       #.........   100%        9    #######
 Airstrike                Air            ####......   3%          4    ###....
 Call Canine Familiar     Summ           #.......     38%         3    None
 Metabolic Englaciation   Hex/Ice        #.........   98%         5    #####..
 Silence                  Hex/Air        ###.......   52%         5    #####..
 Static Discharge         Conj/Air       ###.....     6%          3    None
 Conjure Ball Lightning   Conj/Air       ###.......   97%         6    ######.
 Chain Lightning          Conj/Air       ###.......   100%        8    #######
 Petrify                  Tmut/Erth      #.......     80%         4    ###....
 Tornado                  Air            ####......   100%        9    #######
 Shroud of Golubria       Chrm/Tloc      ###.......   1%          2    None
 Force Lance              Conj/Tloc      #.......     80%         4    ###....
 Infusion                 Chrm           ####         1%          1    None
 Song of Slaying          Chrm           #####...     1%          2    None
 Discord                  Hex            #.........   100%        8    #######
 Summon Guardian Golem    Hex/Summ       #.......     38%         3    None
 Irradiate                Conj/Tmut      #.........   98%         5    #####..
 Gell's Gravitas          Tloc           #.........   38%         3    None
 Yara's Violent Unravell  Hex/Tmut       #.........   98%         5    #####..
 Infestation              Necr           #.........   100%        8    #######


Dungeon Overview and Level Annotations

Branches:
Dungeon (15/15)            Temple (0/1) D:5            Lair (0/6) D:10
    Orc (2/2) D:10            Elf (3/3) Orc:2        Vaults (0/5) D:13
 Depths (5/5) D:15           Hell (1/1)                 Dis (7/7) Hell
    Geh (0/7) Hell            Coc (0/7) Hell            Tar (7/7) Hell
    Zot (0/5) Depths:5

Altars:
Ashenzari
Dithmenos
Gozag
Kikubaaqudgha
Nemelex Xobeh
Okawaru
Ru
Sif Muna
Trog
Beogh
Lugonu

Shops:
D:5 ?   D:7 [   D:8 *   D:14 [   D:15 }   Orc:2 ![(=   Elf:2 *   Elf:3 [

Portals:
Hell: Depths:1 Depths:2 Depths:3 Depths:4 Depths:5
Abyss: Depths:4 Depths:5
Pandemonium: Depths:3
Ziggurat: Depths:3

Annotations:
Dis:7 Dispater


Innate Abilities, Weirdness & Mutations

You are very small and have problems with some larger weapons.
You are too small for most types of armour.
You have supernaturally acute eyesight. (SInv)
You are a herbivore.
You cover ground extremely quickly.
You need to consume almost no food.
You are partially covered in large bone plates. (SH +4)
You are frail. (-10% HP)
You are somewhat resistant to further mutation.


Message History

You feel sick.
A reaper comes into view. It is wielding an enchanted scythe.
You feel sick.
Found 44 gold pieces.
Found 62 gold pieces.
You hit the kobold zombie.
The kobold zombie is heavily damaged.
The kobold zombie completely misses you.
A shadow demon comes into view.
You feel sick.
Found 16 gold pieces.
Press: ? - help, v - describe, . - travel
Here: a kobold zombie (heavily damaged)
The floor.
Unknown command.
The reaper misses you.
The shadow demon croaks.
You feel sick.
The reaper hits you from afar with an enchanted scythe!
You see here 44 gold pieces.
You now have 4397 gold pieces (gained 44).
The shadow demon completely misses you.
A necrophage comes into view.
The shadow demon gestures.
You see here 29 gold pieces.
You now have 4426 gold pieces (gained 29).
You feel sick.
The shadow demon gestures.
The reaper hits you from afar with an enchanted scythe.
The rust devil completely misses you.
The kobold zombie completely misses you.
The shadow demon completely misses you.
Press: ? - help, v - describe, . - travel A stone wall.
Unknown command.
Really read
j - 18 scrolls of teleportation {!r}?
As you read the scroll of teleportation {!r}, it crumbles to dust.
You feel strangely unstable.
The Tzitzimitl calls on the powers of darkness!
The shadow dragon convulses!
Your body is wracked with pain!
* * * LOW HITPOINT WARNING * * *
The reaper completely misses you.
Okay, then.
Okay, then.
Really quaff
N - a potion of ambrosia {!q}?
Okay, then.
Unknown command.
The Tzitzimitl calls on the powers of darkness!
The shadow dragon convulses!
Your body is wracked with pain!
* * * LOW HITPOINT WARNING * * *
The rust devil misses you.
Really quaff
p - 2 potions of agility {!q}?
You feel agile all of a sudden. The reaper completely misses you.
The shadow wraith completely misses you.
The red devil barely misses you. The soul eater barely misses you.
You feel sick.
The shadow wraith completely misses you.
The red devil completely misses you.
The soul eater draws from the surrounding life force!
* * * LOW HITPOINT WARNING * * *
The reaper hits you with an enchanted scythe!!!
You die...
Your body crumbles into a pile of gold.

#..#
#..#
#..#
+..#
#..#
+..#
#..#
#..#
#..#
#..#
#.3#
#n.#
#..#
#44#
$
#..#
#32#
#.W#
#.@#
$
#..#
#W2#
#..#
#ZD#
#..#
#..#
#..#
+.1#
#..#
+..#
#..#
#2.#
#..#
#..#
#..#
#..#


You could see a shadow dragon, a Tzitzimitl, 2 reapers, a soul eater, a shadow
demon, a shadow wraith (invisible), a rust devil, a red devil, a necrophage and
a kobold zombie.

Vanquished Creatures
  Dispater (Dis:7)
  2 ancient liches (Depths:5)
  Saint Roka (Elf:3)
  Margery (Depths:3)
  Geryon (Hell)
  A caustic shrike (Depths:5)
  Nikola (Elf:3)
  2 golden dragons (Depths:3)
  A bone dragon (Hell)
  2 doom hounds
  Jorgrun (Elf:3)
  2 Tzitzimimeh
  3 liches
  A Hell Sentinel (Dis:7)
  A tentacled monstrosity (Depths:2)
  4 deep elf blademasters
  An Ice Fiend (Dis:7)
  2 deep elf master archers (Elf:3)
  2 quicksilver dragons
  A shadow dragon (Hell)
  2 thorn hunters (Depths:2)
  Kirke (D:15)
  2 tengu reavers
  5 fire giants
  6 frost giants
  7 deep elf sorcerers (Elf:3)
  4 deep elf elementalists
  A draconian annihilator (Depths:5)
  The ghost of ThereIsNoGod the Thaumaturge, an adept SpVM of Gozag (Elf:3)
  3 orc warlords
  An angel (Depths:3)
  18 very ugly things
  A balrug (Depths:5)
  A spriggan defender (Depths:5)
  10 reapers
  2 war gargoyles (Depths:5)
  13 stone giants
  3 entropy weavers (Depths:5)
  3 vampire knights
  A lorocyproca (Dis:7)
  7 deep elf annihilators
  6 deep elf demonologists
  8 ettins
  A blizzard demon (Depths:5)
  9 fire dragons
  4 deep elf death magi (Elf:3)
  A merfolk javelineer (Depths:4)
  6 rakshasas
  5 great orbs of eyes
  3 deep elf high priests
  6 jiangshi
  A merfolk impaler (D:15)
  2 hell beasts
  5 hydras
  8 vault guards (D:13)
  4 spriggan air magi
  12 ice dragons
  13 yaktaur captains
  9 centaur warriors
  14 two-headed ogres
  13 deep troll shamans
  5 alligators (Depths:2)
  2 ogre magi
  10 deep troll earth magi
  4 orc high priests
  9 vampire magi
  4 tengu warriors
  A hell hog (Hell)
  8 hell knights
  A titan zombie (Depths:4)
  15 deep elf knights
  7 iron golems
  3 spriggan berserkers
  6 sun demons
  2 storm dragon zombies
  7 soul eaters
  2 spark wasp zombies
  5 iron trolls
  3 unseen horrors
  2 sixfirhies
  34 deep trolls
  2 swamp dragons
  2 golden dragon zombies
  8 skeletal warriors
  2 shadow demons
  An unseen horror (shapeshifter) (Depths:3)
  7 anaconda zombies
  5 flayed ghosts
  4 wizards
  A glowing orange brain (Depths:5)
  A torturous demonspawn (Depths:3)
  2 shadow dragon zombies
  4 phantasmal warriors
  An anaconda skeleton (Tar:3)
  2 wolf spider zombies
  Pikel (D:5)
  2 harpies (shapeshifter)
  14 orc knights
  A shining eye (Orc:2)
  14 deep elf archers
  2 tengu zombies
  3 necromancers
  2 oklob plants (Depths:4)
  2 stone giant zombies
  75 deep elf magi
  3 fire giant zombies
  64 ugly things
  2 orc sorcerers
  3 manticores
  A salamander (Depths:4)
  A faun (Orc:1)
  A cyclops (D:11)
  14 rust devils
  3 spriggan zombies
  2 ice statues
  A fire giant skeleton (Tar:1)
  A torpor snail (Orc:2)
  A naga mage (D:15)
  Maurice (Orc:2)
  A smoke demon (Hell)
  3 gargoyles
  3 orange demons
  A kobold demonologist (D:13)
  6 centaur skeletons
  3 hellions
  2 freezing wraiths
  A spiny frog (shapeshifter) (D:14)
  12 ice devils
  A komodo dragon (shapeshifter) (Depths:5)
  2 komodo dragons
  28 yaktaurs
  5 tormentors
  7 red devils
  A silent spectre (Tar:7)
  A demonic crawler (Depths:5)
  3 tengu conjurers
  2 hydra zombies
  2 jumping spiders (shapeshifter)
  A polar bear (shapeshifter) (D:15)
  A fire dragon zombie (Dis:5)
  6 trolls
  2 hornets
  Grinder (D:4)
  2 hornets (shapeshifter)
  Prince Ribbit (D:7)
  A blink frog (shapeshifter) (D:15)
  73 slime creatures
  A dream sheep (shapeshifter) (Depths:5)
  2 ettin zombies (Hell)
  A hydra skeleton (Hell)
  A frost giant simulacrum (Tar:1)
  An alligator zombie (Hell)
  5 hippogriffs
  A fire dragon skeleton (Tar:1)
  2 flying skulls (Tar:3)
  7 water elementals
  8 redbacks (D:12)
  5 large abominations (D:15)
  A black mamba zombie (Dis:7)
  A deep troll zombie (Hell)
  4 shadows
  2 air elementals
  A basilisk (D:14)
  2 vampires
  6 wraiths
  7 fire elementals
  15 yaks
  An elf simulacrum (Depths:3)
  A human (D:15)
  A redback (shapeshifter) (Depths:4)
  6 hogs (D:15)
  A wyvern (D:10)
  A steam dragon (D:7)
  4 hungry ghosts
  A warg (shapeshifter) (Depths:5)
  4 wargs
  A water moccasin (D:10)
  7 small abominations (D:15)
  4 swamp worms (Depths:2)
  Duvessa (D:4)
  9 hell hounds
  2 floating eyes (Depths:3)
  4 ice beasts
  A swamp drake (Depths:2)
  A slave (D:5)
  A spiny frog skeleton (Hell)
  40 orc warriors
  2 manticore zombies (Dis:7)
  3 sky beasts
  4 black bears
  2 eyes of draining
  5 necrophages
  5 phantoms
  13 ogres
  7 boggarts
  16 centaurs
  4 crocodiles
  8 big kobolds
  11 bullfrogs
  Blork the orc (D:3)
  4 earth elementals
  6 gnoll sergeants (D:10)
  A wyvern zombie (D:15)
  6 scorpions
  Dowan (D:4)
  A wyvern skeleton (D:9)
  A troll zombie (D:7)
  16 wights
  A howler monkey (D:6)
  8 centaur zombies
  8 crimson imps
  3 bullfrog zombies
  9 jellies
  31 orc priests
  7 hounds
  2 human zombies (D:7)
  3 bullfrog skeletons
  7 iron imps
  14 orc wizards
  4 iguanas
  13 hell rats
  10 worker ants
  2 ogre zombies (D:7)
  2 hound zombies
  4 mummies
  2 worker ant zombies
  15 gnolls
  2 howler monkey skeletons (D:7)
  14 adders
  2 river rats (Sewer)
  3 shadow imps
  7 oozes
  2 adder skeletons (D:4)
  2 worms
  4 leopard geckos
  71 orcs
  7 giant cockroaches
  6 hobgoblins
  14 jackals
  6 quokkas
  7 ball pythons
  3 bats
  A frilled lizard (D:3)
  4 goblins (D:1)
  A jackal zombie (D:5)
  25 kobolds
  A leopard gecko skeleton (D:6)
  An orc zombie (D:7)
  26 rats
  A fungus (D:2)
1447 creatures vanquished.

Vanquished Creatures (collateral kills)
  2 golden dragons (Depths:5)
  A bone dragon (Dis:7)
  An iron giant (Dis:7)
  3 Hell Sentinels (Dis:7)
  An acid blob (Depths:4)
  An eldritch tentacle (Dis:7)
  An ancient champion (Dis:7)
  A thorn hunter (Depths:4)
  2 iron dragons (Dis:7)
  2 frost giants
  5 reapers (Dis:7)
  8 war gargoyles (Dis:7)
  A spriggan air mage (Depths:5)
  A rakshasa (Depths:5)
  A spriggan berserker (Depths:4)
  2 hell knights (Depths:3)
  3 iron golems (Dis:7)
  4 skeletal warriors (Dis:7)
  A spark wasp zombie (Depths:5)
  3 iron trolls (Dis:7)
  A golden dragon zombie (Dis:7)
  A ghost moth zombie (Dis:5)
  An oklob plant (Depths:4)
  An ugly thing (Depths:3)
  5 rust devils (Dis:7)
  2 tormentors (Dis:7)
  A yaktaur (Depths:5)
  An ice devil (Dis:7)
  2 ice dragon zombies (Dis:7)
  A fire dragon zombie (Dis:7)
  3 hell hounds (Dis:7)
  A necrophage (Dis:5)
  2 iron imps (Dis:7)
  A hell rat (Hell)
  A tengu zombie (Dis:5)
  2 plants (Depths:4)
70 creatures vanquished.

Vanquished Creatures (others)
  An iron giant (Dis:7)
  A Brimstone Fiend (Dis:7)
  A Hell Sentinel (Dis:7)
  An ancient champion (Dis:7)
  A shadow dragon (Depths:5)
  3 iron dragons (Dis:7)
  8 war gargoyles (Dis:7)
  A reaper (Dis:7)
  A spark wasp (Depths:5)
  30 dancing weapons
  A spriggan (Depths:5)
  3 iron trolls (Dis:7)
  A shadow demon (Tar:1)
  A swamp dragon (Depths:2)
  A deep elf archer (Elf:3)
  A wolf spider zombie (Dis:5)
  A deep elf mage (Elf:3)
  A shock serpent zombie (Dis:7)
  2 rust devils (Dis:7)
  A fire giant skeleton (Tar:1)
  A yaktaur (Depths:1)
  A hornet (Depths:5)
  A hydra skeleton (Tar:1)
  2 air elementals (Elf:3)
  A shadow (Tar:1)
  2 water elementals
  A centaur (Depths:1)
  2 iron imps (Dis:7)
  An adder (shapeshifter) (Depths:5)
  A ball lightning (Dis:5)
  2 briar patches (Depths:3)
  6 fungi (Elf:2)
  21 plants
103 creatures vanquished.

Grand Total: 1620 creatures vanquished

Notes
Turn   | Place    | Note
-------+----------+-------------------------------------------
     0 | D:1      | Amnesiac the Spriggan Fighter began the quest for the Orb.
     0 | D:1      | Reached XP level 1. HP: 11/11 MP: 2/2
   148 | D:3      | Reached XP level 2. HP: 15/16 MP: 3/3
   345 | D:3      | Found a glowing drain.
   360 | Sewer    | Entered a sewer
   633 | Sewer    | Reached XP level 3. HP: 19/19 MP: 4/4
   862 | Sewer    | Noticed a big kobold
   892 | Sewer    | Killed a big kobold
   892 | Sewer    | Reached skill level 5 in Short Blades
   892 | Sewer    | Reached XP level 4. HP: 23/23 MP: 5/5
  1051 | Sewer    | Reached XP level 5. HP: 19/27 MP: 6/6
  1687 | Sewer    | Reached XP level 6. HP: 11/32 MP: 7/7
  2296 | D:4      | Found an opulent altar of Gozag.
  2327 | D:4      | Became a worshipper of Gozag Ym Sagoz the Greedy
  3997 | D:3      | Reached XP level 7. HP: 20/35 MP: 8/8
  4345 | D:3      | Noticed Blork the orc
  4375 | D:3      | Killed Blork the orc
  4384 | D:3      | Found a deep blue altar of Sif Muna.
  5201 | D:4      | Found a shadowy altar of Dithmenos.
  5325 | D:4      | Noticed Duvessa
  5325 | D:4      | Noticed Dowan
  5328 | D:4      | Killed Dowan
  5393 | D:4      | Killed Duvessa
  5490 | D:4      | Noticed Grinder
  5528 | D:4      | Paralysed by Grinder for 4 turns
  5559 | D:4      | Killed Grinder
  5559 | D:4      | Reached XP level 8. HP: 15/39 MP: 9/9
  5912 | D:5      | Entered Level 5 of the Dungeon
  5923 | D:5      | Found a staircase to the Ecumenical Temple.
  5971 | D:5      | Found an iron altar of Okawaru.
  6092 | D:5      | Found Bemy's Magic Scroll Emporium.
  6135 | D:5      | Reached skill level 5 in Dodging
  6149 | D:5      | Noticed Pikel
  6221 | D:5      | Killed Pikel
  6257 | D:5      | Found an iron altar of Okawaru.
  6257 | D:5      | Found a shattered altar of Ashenzari.
  6257 | D:5      | Found a bloodstained altar of Trog.
  6300 | D:5      | Reached skill level 1 in Evocations
  6468 | D:5      | Reached skill level 2 in Evocations
  6819 | D:6      | Reached skill level 3 in Evocations
  7199 | D:6      | Reached skill level 4 in Evocations
  7199 | D:6      | Reached XP level 9. HP: 40/43 MP: 11/13
  7555 | D:6      | Reached skill level 5 in Evocations
  8060 | D:7      | Noticed Prince Ribbit
  8096 | D:7      | Killed Prince Ribbit
  8096 | D:7      | Reached skill level 6 in Evocations
  8115 | D:7      | Found Epoofuev's Armour Emporium.
  8145 | D:7      | Reached skill level 7 in Evocations
  8436 | D:7      | Noticed a troll
  8467 | D:7      | Killed a troll
  8467 | D:7      | Reached skill level 8 in Evocations
  8977 | D:7      | Reached skill level 9 in Evocations
  9082 | D:7      | Found an ancient bone altar of Kikubaaqudgha.
  9213 | D:7      | Found a sacrificial altar of Ru.
  9533 | D:7      | Reached skill level 10 in Evocations
  9646 | D:8      | Found a sparkling altar of Nemelex Xobeh.
  9879 | D:8      | Found Owyiw's General Store.
  9912 | D:8      | Bought a potion of degeneration for 15 gold pieces
  9913 | D:8      | Bought a scroll of acquirement for 780 gold pieces
  9981 | D:8      | Reached skill level 5 in Shields
  9981 | D:8      | Reached XP level 10. HP: 41/49 MP: 18/18
 11401 | D:5      | Bought a scroll of enchant armour for 112 gold pieces
 11401 | D:5      | Bought a scroll of enchant weapon for 112 gold pieces
 11401 | D:5      | Bought 2 scrolls of noise for 30 gold pieces
 11401 | D:5      | Bought a scroll of immolation for 52 gold pieces
 11939 | D:9      | Reached skill level 11 in Evocations
 12405 | D:10     | Entered Level 10 of the Dungeon
 12405 | D:10     | Noticed an unseen horror
 12410 | D:10     | Killed an unseen horror
 13039 | D:10     | Found a staircase to the Orcish Mines.
 13085 | D:10     | Reached skill level 12 in Evocations
 13263 | D:10     | Reached XP level 11. HP: 31/52 MP: 21/21
 13480 | D:10     | Reached skill level 13 in Evocations
 13595 | D:10     | Found a staircase to the Lair.
 13954 | D:10     | Noticed a two-headed ogre
 13956 | D:10     | Killed a two-headed ogre
 14071 | D:11     | Reached skill level 14 in Evocations
 14121 | D:11     | Noticed an eight-headed hydra
 14214 | D:10     | Killed an eight-headed hydra
 14287 | D:11     | Noticed a two-headed ogre
 14301 | D:11     | Reached skill level 10 in Dodging
 14483 | D:11     | Killed a two-headed ogre
 14784 | D:11     | Noticed a two-headed ogre
 14852 | D:11     | Killed a two-headed ogre
 14852 | D:11     | Reached skill level 5 in Fighting
 15490 | D:12     | Reached XP level 12. HP: 60/60 MP: 23/23
 16015 | D:12     | Noticed a two-headed ogre
 16021 | D:12     | Noticed an eight-headed hydra
 16034 | D:12     | Killed a two-headed ogre
 16074 | D:12     | Killed an eight-headed hydra
 16580 | D:12     | Found a shadowy altar of Dithmenos.
 17323 | D:13     | Noticed an eight-headed hydra
 17384 | D:13     | Killed an eight-headed hydra
 17633 | D:13     | Noticed a two-headed ogre
 17645 | D:13     | Killed a two-headed ogre
 17645 | D:13     | Reached skill level 15 in Evocations
 17833 | D:13     | Found a gate to the Vaults.
 17833 | D:13     | Noticed a vault guard
 17833 | D:13     | Noticed a vault guard
 17833 | D:13     | Noticed a vault guard
 17833 | D:13     | Noticed a vault guard
 17833 | D:13     | Noticed a vault guard
 17841 | D:13     | Noticed a vault guard
 17850 | D:13     | Killed a vault guard
 17874 | D:13     | Killed a vault guard
 17879 | D:13     | Killed a vault guard
 17882 | D:13     | Killed a vault guard
 17882 | D:13     | Reached XP level 13. HP: 42/70 MP: 25/25
 18549 | D:13     | Reached skill level 16 in Evocations
 18742 | D:14     | Found Vuveoxkodu's Antique Armour Emporium.
 19000 | D:14     | Found Fompopn's Food Emporium.
 19368 | D:14     | Learned a level 1 spell: Confusing Touch
 19408 | D:14     | Reached skill level 1 in Spellcasting
 19750 | D:14     | Reached skill level 5 in Spellcasting
 20290 | D:15     | Entered Level 15 of the Dungeon
 20485 | D:15     | Reached skill level 17 in Evocations
 20673 | D:15     | Found a staircase to the Depths.
 20818 | D:15     | Reached XP level 14. HP: 44/76 MP: 27/27
 20986 | D:15     | Noticed Kirke
 21052 | D:15     | Noticed a sphinx
 21278 | D:15     | Found a gateway to a bazaar.
 22281 | D:15     | Reached skill level 10 in Fighting
 22501 | D:15     | Reached skill level 18 in Evocations
 22682 | D:15     | Reached skill level 15 in Dodging
 22759 | D:15     | Paralysed by a hornet for 3 turns
 23326 | D:15     | Killed Kirke
 24730 | Orc:1    | Entered Level 1 of the Orcish Mines
 25921 | Orc:2    | Entered Level 2 of the Orcish Mines
 26131 | Orc:2    | Noticed an orc warlord
 26150 | Orc:2    | Noticed Nessos
 26157 | Orc:2    | Noticed Nessos
 26157 | Orc:2    | Nessos changed into Nessos the komodo dragon
 26387 | Orc:1    | Killed Nessos the komodo dragon
 26646 | Orc:1    | Killed an orc warlord
 26646 | Orc:1    | Reached skill level 19 in Evocations
 26993 | Orc:2    | Found a roughly hewn altar of Beogh.
 28126 | Orc:2    | Noticed Maurice
 28377 | Orc:2    | Killed Maurice
 29007 | Orc:2    | Found Kiusem's Distillery.
 29008 | Orc:2    | Found Ureorauk's Weapon Shop.
 29008 | Orc:2    | Found Qeomp's Antique Armour Boutique.
 29009 | Orc:2    | Found Lineutz's Jewellery Boutique.
 29019 | Orc:2    | Bought a potion of resistance for 110 gold pieces
 29020 | Orc:2    | Bought a glowing cloak for 150 gold pieces
 29034 | Orc:2    | Bought a +3 ring of protection for 210 gold pieces
 29042 | Orc:2    | Bought an embroidered robe for 74 gold pieces
 29316 | Depths:1 | Entered Level 1 of the Depths
 29391 | Bazaar   | Entered a bazaar
 29391 | Bazaar   | Found Niozaz's Antique Armour Shoppe.
 29391 | Bazaar   | Found Qiacs's Jewellery Shop.
 29391 | Bazaar   | Found Anweg's Weapon Shoppe.
 29393 | Bazaar   | Found Eduojosk's Gadget Shop.
 29393 | Bazaar   | Found Sutzoh's Assorted Antiques.
 29418 | Bazaar   | Bought a wand of disintegration (5) for 90 gold pieces
 29423 | Bazaar   | Bought a runed glass wand for 64 gold pieces
 29423 | Bazaar   | Bought a runed scarf for 128 gold pieces
 29423 | Bazaar   | Bought a scroll of enchant weapon for 120 gold pieces
 29427 | Bazaar   | Bought a +4 blowgun for 220 gold pieces
 29430 | Bazaar   | Bought a runed cloak for 240 gold pieces
 29430 | Bazaar   | Bought a transparent robe for 182 gold pieces
 29460 | Bazaar   | Bought the amulet "Miroym" {rElec Regen+ MP+9 Stlth+} for 591 gold pieces
 29465 | Bazaar   | Bought a wand of clouds (7) for 330 gold pieces
 29465 | Bazaar   | Bought a wand of acid (12) for 320 gold pieces
 29465 | Bazaar   | Bought a sack of spiders for 200 gold pieces
 29465 | Bazaar   | Bought a sack of spiders for 200 gold pieces
 29606 | Bazaar   | Bought a lamp of fire for 400 gold pieces
 29704 | D:15     | Reached XP level 15. HP: 81/81 MP: 29/29
 30357 | Depths:1 | Reached skill level 20 in Evocations
 31049 | D:15     | Reached skill level 1 in Armour
 32081 | Orc:2    | Bought a +3 amulet of reflection for 157 gold pieces
 32232 | Orc:2    | Found a staircase to the Elven Halls.
 32343 | Orc:2    | Bought a potion of heal wounds for 55 gold pieces
 32343 | Orc:2    | Gained mutation: You are agile. (Dex +2) [potion of mutation]
 32343 | Orc:2    | Gained mutation: You are somewhat resistant to further mutation. [potion of mutation]
 32343 | Orc:2    | Gained mutation: You are occasionally teleported next to monsters. [potion of mutation]
 32343 | Orc:2    | Gained mutation: You are resistant to hostile enchantments. (MR+) [potion of mutation]
 32344 | Orc:2    | Lost mutation: You are agile. (Dex +2) [potion of mutation]
 32344 | Orc:2    | Lost mutation: You are somewhat resistant to further mutation. [potion of mutation]
 32344 | Orc:2    | Lost mutation: You are resistant to hostile enchantments. (MR+) [potion of mutation]
 32344 | Orc:2    | Lost mutation: You are occasionally teleported next to monsters. [potion of mutation]
 32344 | Orc:2    | Gained mutation: You are partially covered in large bone plates. (SH +4) [potion of mutation]
 32344 | Orc:2    | Gained mutation: You are somewhat resistant to further mutation. [potion of mutation]
 32355 | Orc:2    | Identified the +1 robe "Jeesuy" {*Slow Dex+8} (You bought it in a shop in a bazaar)
 32590 | D:5      | Bought a scroll of teleportation for 45 gold pieces
 32826 | Depths:1 | Noticed a frost giant
 33827 | D:15     | Killed a frost giant
 34086 | D:15     | Found a staircase to the Depths.
 34893 | Elf:1    | Entered Level 1 of the Elven Halls
 36039 | Elf:1    | Reached XP level 16. HP: 88/88 MP: 31/31
 36926 | Elf:2    | Reached skill level 21 in Evocations
 37270 | Elf:2    | Found a runed gate.
 37270 | Elf:2    | Found a runed gate.
 37271 | Elf:2    | Found a runed gate.
 37902 | Elf:2    | Found Seh Vito's Assorted Antiques.
 37983 | Elf:2    | Bought a scroll of enchant weapon for 187 gold pieces
 37983 | Elf:2    | Bought a tapered ivory wand for 100 gold pieces
 37983 | Elf:2    | Bought a wand of paralysis (15) for 50 gold pieces
 37983 | Elf:2    | Bought a scroll of fear for 87 gold pieces
 38560 | Elf:3    | Entered Level 3 of the Elven Halls
 38609 | Elf:3    | Noticed ThereIsNoGod's ghost (adept SpVM)
 38610 | Elf:3    | Found a transporter.
 38636 | Elf:3    | Learned a level 6 spell: Deflect Missiles
 39046 | Elf:3    | Noticed Saint Roka
 39171 | Elf:3    | Killed Saint Roka
 39495 | Elf:3    | Found a transporter.
 39613 | Elf:3    | Found Byogomer's Armour Shoppe.
 39782 | Elf:3    | Noticed a deep elf blademaster
 39783 | Elf:3    | Noticed a deep elf blademaster
 39802 | Elf:3    | Killed a deep elf blademaster
 39811 | Elf:3    | Killed a deep elf blademaster
 39836 | Elf:3    | Reached XP level 17. HP: 66/94 MP: 21/32
 39994 | Elf:3    | Noticed Jorgrun
 40021 | Elf:3    | Noticed a deep elf master archer
 40042 | Elf:3    | Killed Jorgrun
 40042 | Elf:3    | Reached skill level 22 in Evocations
 40049 | Elf:3    | Killed a deep elf master archer
 40150 | Elf:3    | Noticed a deep elf master archer
 40292 | Elf:3    | Killed a deep elf master archer
 40417 | Elf:3    | Got a glittering bronze ring
 40433 | Elf:3    | Got a bloodstained lajatang {flame}
 40445 | Elf:3    | Identified the ring of Free Will {rF+ MR+ Str+3 Int-2} (You took it off a deep elf demonologist on level 3 of the Elven Halls)
 40534 | Elf:3    | Noticed Nikola
 40560 | Elf:3    | Killed Nikola
 40570 | Elf:3    | Got an ichor-stained shortbow
 40573 | Elf:3    | Got a pitted trident
 40598 | Elf:3    | Learned a level 2 spell: Poisonous Vapours
 40602 | Elf:3    | Learned a level 3 spell: Regeneration
 40606 | Elf:3    | Learned a level 3 spell: Mephitic Cloud
 40610 | Elf:3    | Learned a level 3 spell: Conjure Flame
 40615 | Elf:3    | Learned a level 4 spell: Summon Lightning Spire
 40617 | Elf:3    | Learned a level 1 spell: Apportation
 40661 | Elf:3    | Got a vibrating bronze ring
 40662 | Elf:3    | Identified the ring of Icytyase {rElec rC+ Str-3 Int+2 Dex+3} (You found it on level 3 of the Elven Halls)
 40792 | Elf:3    | Bought +0 gold dragon scales for 1280 gold pieces
 40932 | Elf:2    | Noticed a deep elf blademaster
 40973 | Elf:2    | Killed a deep elf blademaster
 42784 | Depths:1 | Reached skill level 23 in Evocations
 42888 | Depths:1 | Reached XP level 18. HP: 101/101 MP: 34/34
 43282 | Depths:1 | Found a gateway to Hell.
 43716 | Depths:2 | Paralysed by a Zot trap for 3 turns
 43800 | Depths:2 | HP: 5/102 [rakshasa (illusionary)/orb of energy (23)]
 44530 | Depths:3 | Reached skill level 10 in Spellcasting
 44537 | Depths:3 | Reached skill level 1 in Charms
 44878 | Depths:2 | Reached skill level 5 in Charms
 44949 | Depths:2 | Noticed a tentacled monstrosity
 44987 | Depths:2 | Killed a tentacled monstrosity
 45799 | Depths:1 | Reached skill level 10 in Charms
 45983 | Depths:2 | Reached skill level 1 in Air Magic
 47026 | Depths:2 | Reached skill level 5 in Air Magic
 47750 | Depths:2 | Got a translucent steel amulet
 47850 | Depths:2 | Identified the amulet of Maucrig {Gourm MR+} (You found it on level 2 of the Depths)
 48711 | Depths:2 | Reached XP level 19. HP: 36/106 MP: 14/35
 48882 | Depths:3 | Noticed Margery
 48923 | Depths:3 | Killed Margery
 49222 | Depths:3 | Found a gateway to a ziggurat.
 49689 | Depths:3 | Noticed a lich
 49705 | Depths:3 | Killed a lich
 49999 | Depths:3 | Reached skill level 10 in Air Magic
 50678 | Depths:3 | Found an iron altar of Okawaru.
 50781 | Depths:3 | Got an uncursed crystal scimitar {pain}
 50782 | Depths:3 | Identified the +9 scimitar of the Lonely Wishes {pain, rElec Str+4 Dex+5} (You took it off an orc knight on level 3 of the Depths)
 51038 | Depths:3 | Got a pitted buckler
 51638 | Depths:3 | Found a one-way gate leading to the halls of Pandemonium.
 52039 | Depths:3 | Identified the +2 buckler of the Apprentice {-Tele rC- Int+3 Dex+9} (You took it off an orc knight on level 3 of the Depths)
 52437 | Depths:3 | Reached skill level 15 in Charms
 52471 | Depths:4 | Noticed a golden dragon
 52579 | Depths:3 | Killed a golden dragon
 52726 | Depths:4 | Reached XP level 20. HP: 106/111 MP: 36/36
 53366 | Depths:4 | Noticed a golden dragon
 53616 | D:14     | Bought a ration for 55 gold pieces
 53616 | D:14     | Bought a ration for 55 gold pieces
 53616 | D:14     | Bought a ration for 55 gold pieces
 53616 | D:14     | Bought a ration for 55 gold pieces
 53616 | D:14     | Bought a ration for 55 gold pieces
 53616 | D:14     | Bought a ration for 55 gold pieces
 53616 | D:14     | Bought a ration for 55 gold pieces
 53616 | D:14     | Bought a ration for 55 gold pieces
 53616 | D:14     | Bought a ration for 55 gold pieces
 53616 | D:14     | Bought a ration for 55 gold pieces
 53616 | D:14     | Bought a ration for 55 gold pieces
 53616 | D:14     | Bought a ration for 55 gold pieces
 53616 | D:14     | Bought a ration for 55 gold pieces
 53616 | D:14     | Bought a ration for 55 gold pieces
 54745 | Depths:3 | Killed a golden dragon
 54885 | Depths:5 | Entered Level 5 of the Depths
 55181 | Depths:4 | Got a wavering lead ring
 55254 | Depths:4 | Found a corrupted altar of Lugonu.
 55254 | Depths:4 | Found a one-way gate to the infinite horrors of the Abyss.
 55276 | Depths:4 | Identified the ring of the Serpent {-Tele EV+5 Str+5 Int+6} (You found it on level 4 of the Depths)
 55688 | Depths:4 | Reached skill level 15 in Spellcasting
 57197 | Depths:5 | Identified the +7 rapier of Absolution {vamp, Dex+3} (You took it off a centaur warrior on level 5 of the Depths)
 57346 | Depths:5 | Found a gate to the Realm of Zot.
 57667 | Depths:5 | Reached skill level 15 in Fighting
 58143 | Depths:5 | Noticed an ancient lich
 58224 | Depths:5 | Killed an ancient lich
 58224 | Depths:5 | Reached XP level 21. HP: 103/118 MP: 35/41
 58255 | Depths:5 | Noticed a golden dragon
 58472 | Depths:5 | Killed a golden dragon
 58500 | Depths:5 | Noticed a golden dragon
 58518 | Depths:5 | Killed a golden dragon
 58584 | Depths:5 | Noticed a caustic shrike
 58603 | Depths:5 | Killed a caustic shrike
 59137 | Depths:5 | Noticed an ancient lich
 59179 | Depths:5 | Killed an ancient lich
 59446 | Depths:5 | Got a transparent golden ring
 59562 | Hell     | Entered the Vestibule of Hell
 59562 | Hell     | Noticed Geryon
 59587 | Hell     | Killed Geryon
 61658 | Hell     | Found a gateway to the freezing wastes of Cocytus.
 62271 | Hell     | Found a gateway to the decaying netherworld of Tartarus.
 62346 | Hell     | Found a gateway to the ashen valley of Gehenna.
 62420 | Hell     | Found a gateway to the Iron City of Dis.
 62517 | Dis:1    | Entered Level 1 of the Iron City of Dis
 62889 | Dis:2    | You fall through a shaft!
 64010 | Dis:7    | Entered Level 7 of the Iron City of Dis
 64231 | Dis:7    | Reached skill level 5 in Armour
 64380 | Dis:7    | Reached XP level 22. HP: 128/128 MP: 42/42
 65027 | Dis:7    | Noticed Dispater
 65057 | Dis:7    | Got an iron rune of Zot
 65060 | Dis:7    | Identified the ring of Miulasem {Wiz Int+2} (You took it off a vampire mage on level 5 of the Depths)
 65109 | Dis:7    | Learned a level 3 spell: Spectral Weapon
 65218 | Dis:7    | Killed Dispater
 65283 | Dis:7    | Got a pitted hand axe
 65946 | Elf:3    | Killed ThereIsNoGod's ghost
 66384 | Tar:1    | Entered Level 1 of Tartarus
 66672 | Tar:3    | You fall through a shaft for 2 floors!
 67145 | Hell     | Reached skill level 24 in Evocations
 67641 | Tar:4    | Gained mutation: You are frail. (-10% HP) [mutagenic glow]
 67737 | Tar:7    | Identified a paperback manual
 67737 | Tar:7    | Entered Level 7 of Tartarus
 67823 | Tar:7    | Identified the Tome of Harmful Execration
 67856 | Tar:7    | Demolished by a reaper

Vault maps used:
D:1:      lemuel_arrival_muddy
D:2:      minmay_gold_behind_fungi
D:3:      tgw_sif, cheibrodos_sewer_entry_bend
D:4:      minmay_door_path, grunt_dithmenos_shadows, nicolae_gozag_seed_capital,
          first_ration, uniq_duvessa, uniq_grinder
D:5:      gammafunk_temple_overflow_forgotten, minmay_temple_entry_hall,
          serial_shops, shop, okawaru_trees_1, uniq_pikel
D:7:      nicolae_ru_the_path_less_chosen, serial_shops, shop,
          lemuel_mausoleum_altar_kikubaaqudgha, uniq_prince_ribbit1
D:8:      basic_altar, serial_shops, shop
D:10:     grunt_lair_entry_orc_guard_hut,
          kennysheep_orc_monster_closet_entryway,
          hangedman_little_slice_of_home, grunt_decor_fettered
D:12:     spider_trap, lemuel_statue_altar
D:13:     erik_vaults_2
D:14:     hangedman_decor_lopped, serial_shops, shop_statue, shop
D:15:     grunt_enter_depths_magical_seal, bh_walls_and_bars, serial_shops,
          statue_bzr, laboratory, uniq_kirke
Orc:2:    st_orc_pillars, david_defended_altar_orc, uniq_nessos, uniq_maurice
Elf:1:    elf_arrival_001, minmay_elf_crystal_hexagon, grunt_megastairs_2
Elf:2:    serial_shops, nicolae_shop_waterfront
Elf:3:    elf_hall, serial_shops, shop, gammafunk_ghost_arena, uniq_saint_roka,
          uniq_jorgrun, uniq_nikola
Depths:1: minmay_misc_feat_x, grunt_hell_entry_dis_grunt, st_stairs_9,
          kennysheep_small_spiral, kennysheep_windowed_goal
Depths:2: onia_ninara_swampy_vault, hell_entry, minmay_holes, minislime_mu
Depths:3: evilmike_iron_armoury, enter_ziggurat_c, hell_entry,
          rand_demon_pan_entry_4, serial_bayou_shore_b,
          infiniplex_staircase_pillars_2, uniq_margery
Depths:4: dpeg_oklob_gauntlet, minmay_misc_feat_hallway, grunt_mini_vestibule,
          abyss_entry_flame_altar, grunt_megastairs_4,
          infiniplex_staircase_pool_lava, serial_bayou_shore_a
Depths:5: hangedman_pleasuredromes, hell_entry, abyss_entry
Dis:3:    grunt_dis_stairs_iron_hall
Dis:6:    door_vault
Dis:7:    iron_city_of_dis
Tar:1:    nicolae_tar_fractal_crypt
Tar:7:    tar_grunt_cathedral
Bazaar:   bazaar_minmay_generic_island
Sewer:    sewer_minmay_treatment

Skill      XL: |  1  2  3  4  5  6  7  8  9 10 11 12 13 14 15 16 17 18 19 20 21 22 |
---------------+-------------------------------------------------------------------+-----
Stealth        | 2 3 6 8 |  8.0
Short Blades   | 3 5 6 8 |  8.0
Shields        | 3 5 7 |  7.2
Dodging        | 9 12 13 14 16 17 19 20 21 | 21.0
Evocations     | 4 10 12 14 15 17 19 20 21 23 24 | 24.3
Fighting       | 3 5 8 9 10 11 12 13 14 15 18 | 18.0
Spellcasting   | 5 10 15 | 15.0
Armour         | 4 5 8 |  8.0
Charms         | 10 15 | 15.0
Air Magic      | 6 10 | 10.0
Necromancy     | |  0.8

Action                   |  1- 3 |  4- 6 |  7- 9 | 10-12 | 13-15 | 16-18 | 19-21 | 22-24 || total
-------------------------+-------+-------+-------+-------+-------+-------+-------+-------++-------
Melee: Rapier            |   109 |    31 |    13 |       |       |       |       |       ||   153
       Dagger            |       |   171 |   442 |       |       |       |       |       ||   613
       Quick blade       |       |       |    22 |  1543 |  3316 |  2700 |  5077 |   198 || 12856
       Unarmed           |       |       |       |       |   246 |   157 |    82 |     5 ||   490
       Staff             |       |       |       |       |       |       |       |     3 ||     3
 Fire: Hunting sling     |    15 |       |       |       |       |       |       |       ||    15
       Blowgun           |     6 |    42 |    21 |       |       |       |       |       ||    69
Throw: Stone             |       |     8 |       |       |       |       |       |       ||     8
       Throwing net      |       |       |       |       |     3 |       |     2 |       ||     5
 Cast: Confusing Touch   |       |       |       |       |    94 |    42 |    26 |     3 ||   165
       Deflect Missiles  |       |       |       |       |       |       |    13 |     1 ||    14
       Regeneration      |       |       |       |       |       |       |     8 |    35 ||    43
       Apportation       |       |       |       |       |       |       |       |     4 ||     4
Invok: Potion Petition   |       |       |     1 |       |       |       |     1 |     7 ||     9
       Call Merchant     |       |       |       |       |       |     1 |       |       ||     1
       Bribe Branch      |       |       |       |       |       |       |     1 |       ||     1
 Abil: Evoke Berserk Rag |       |       |       |       |     1 |     3 |     1 |       ||     5
       Evoke Flight      |       |       |       |       |       |       |     3 |       ||     3
Evoke: Wand              |       |       |     3 |    16 |    77 |    41 |   114 |    13 ||   264
       Lamp of fire      |       |       |       |       |       |     1 |       |     1 ||     2
       Phial of floods   |       |       |       |       |       |     1 |     5 |     1 ||     7
       Sack of spiders   |       |       |       |       |       |       |     5 |     3 ||     8
       Fan of gales      |       |       |       |       |       |       |     1 |     1 ||     2
       Staff of Dispater |       |       |       |       |       |       |       |    73 ||    73
       Phantom mirror    |       |       |       |       |       |       |       |     3 ||     3
       Horn of Geryon    |       |       |       |       |       |       |       |     1 ||     1
  Use: Potion            |       |     1 |     1 |       |     5 |    19 |     3 |    22 ||    51
       Scroll            |       |       |    15 |     5 |     6 |    13 |     5 |     8 ||    52
 Stab: Sleeping          |     3 |    14 |    34 |    18 |    14 |    18 |     7 |       ||   108
       Distracted        |       |       |     2 |    10 |    15 |     9 |    34 |     3 ||    73
       Invisible         |       |       |     2 |       |       |     7 |       |       ||     9
       Paralysed         |       |       |       |     1 |     3 |     7 |    34 |       ||    45
       Confused          |       |       |       |       |   135 |    48 |    40 |     5 ||   228
       Held in net/web   |       |       |       |       |       |       |    12 |     2 ||    14
  Eat: Ration            |       |     2 |     3 |     6 |    13 |    10 |    19 |     6 ||    59
Armor: Robe              |     6 |     4 |     5 |     2 |       |       |       |       ||    17
       Steam dragon scal |       |       |       |    43 |   119 |    93 |     1 |       ||   256
       Gold dragon scale |       |       |       |       |       |     2 |       |       ||     2
       Swamp dragon scal |       |       |       |       |       |       |   383 |    29 ||   412
Dodge: Dodged            |    69 |   103 |   222 |   343 |  1140 |   912 |  2313 |   180 ||  5282
       Deflected         |       |       |       |       |       |       |    58 |     5 ||    63
Block: Buckler           |    31 |    37 |    82 |   169 |   564 |   659 |  1406 |    66 ||  3014
       Reflection        |       |       |       |       |    12 |       |       |       ||    12
       Other             |       |       |       |       |       |       |       |    14 ||    14

Table legend:
 A = Spawn XP
 B = Non-spawn XP
 C = Spawn XP percentage of total XP
 D = Spawn monster count
 E = Non-spawn monster count
 F = Spawn count percentage of total count
 G = Total turns spent on level
                    A         B        C        D         E        F      G
               +---------+---------+-------+---------+---------+-------+---------
         Total |       0 |  794657 |   0.0 |       0 |    1546 |   0.0 | 67856
               +---------+---------+-------+---------+---------+-------+---------
           D:1 |       0 |      29 |   0.0 |       0 |      17 |   0.0 |   492
           D:2 |       0 |      97 |   0.0 |       0 |      13 |   0.0 |   858
           D:3 |       0 |     219 |   0.0 |       0 |      21 |   0.0 |  1774
           D:4 |       0 |     845 |   0.0 |       0 |      23 |   0.0 |  1231
           D:5 |       0 |     944 |   0.0 |       0 |      15 |   0.0 |  1109
           D:6 |       0 |     635 |   0.0 |       0 |      20 |   0.0 |  1543
           D:7 |       0 |    2097 |   0.0 |       0 |      35 |   0.0 |  1532
           D:8 |       0 |    1944 |   0.0 |       0 |      33 |   0.0 |  1591
           D:9 |       0 |     915 |   0.0 |       0 |      11 |   0.0 |   806
          D:10 |       0 |    8742 |   0.0 |       0 |      63 |   0.0 |  2656
          D:11 |       0 |    5622 |   0.0 |       0 |      29 |   0.0 |  1250
          D:12 |       0 |    9293 |   0.0 |       0 |      41 |   0.0 |  1996
          D:13 |       0 |   13496 |   0.0 |       0 |      29 |   0.0 |  1880
          D:14 |       0 |   12114 |   0.0 |       0 |      28 |   0.0 |  2633
          D:15 |       0 |   50804 |   0.0 |       0 |     111 |   0.0 |  7217
         Orc:1 |       0 |    5541 |   0.0 |       0 |      40 |   0.0 |  1946
         Orc:2 |       0 |   11767 |   0.0 |       0 |      81 |   0.0 |  2784
         Elf:1 |       0 |   21551 |   0.0 |       0 |      35 |   0.0 |  1914
         Elf:2 |       0 |   51565 |   0.0 |       0 |      74 |   0.0 |  3473
         Elf:3 |       0 |   79462 |   0.0 |       0 |      84 |   0.0 |  2606
      Depths:1 |       0 |   34629 |   0.0 |       0 |      55 |   0.0 |  2313
      Depths:2 |       0 |   49710 |   0.0 |       0 |      81 |   0.0 |  3402
      Depths:3 |       0 |  114444 |   0.0 |       0 |     123 |   0.0 |  4790
      Depths:4 |       0 |   74849 |   0.0 |       0 |     106 |   0.0 |  3915
      Depths:5 |       0 |  117786 |   0.0 |       0 |     111 |   0.0 |  4503
          Hell |       0 |   40085 |   0.0 |       0 |      66 |   0.0 |  2138
         Dis:1 |       0 |    1506 |   0.0 |       0 |       2 |   0.0 |    94
         Dis:2 |       0 |    1039 |   0.0 |       0 |       2 |   0.0 |   104
         Dis:3 |       0 |    4620 |   0.0 |       0 |      19 |   0.0 |   555
         Dis:4 |       0 |      18 |   0.0 |       0 |       1 |   0.0 |    32
         Dis:5 |       0 |    2497 |   0.0 |       0 |      10 |   0.0 |   450
         Dis:6 |       0 |    1525 |   0.0 |       0 |       1 |   0.0 |    84
         Dis:7 |       0 |   51523 |   0.0 |       0 |      78 |   0.0 |  1488
         Tar:1 |       0 |    4235 |   0.0 |       0 |      10 |   0.0 |   180
         Tar:2 |       0 |    1588 |   0.0 |       0 |       4 |   0.0 |   131
         Tar:3 |       0 |    9527 |   0.0 |       0 |      15 |   0.0 |   219
         Tar:5 |       0 |    3293 |   0.0 |       0 |       5 |   0.0 |    99
         Tar:7 |       0 |    3701 |   0.0 |       0 |       6 |   0.0 |   119
         Sewer |       0 |     400 |   0.0 |       0 |      48 |   0.0 |  1661
               +---------+---------+-------+---------+---------+-------+---------
